 Dungeon Crawl Stone Soup version 0.31-a0-221-gbddc013574 (webtiles) character file.

Game seed: 6856520699523346881

338 qw the Shooter (level 6, -17/51 HPs)
             Began as a Minotaur Hexslinger on July 4, 2023.
             Demolished by an ogre
             ... wielding a +0 giant spiked club
              (28 damage)
             ... on level 4 of the Dungeon.
             The game lasted 00:01:17 (2938 turns).

qw the Shooter (Minotaur Hexslinger)                Turns: 2938, Time: 00:01:17

Health: -17/51     AC:  8    Str: 16    XL:     6   Next: 29%
Magic:  6/6        EV: 12    Int: 13    God:
Gold:   221        SH:  0    Dex: 18    Spells: 6/7 levels left

rFire   . . .        f - +0 shortbow
rCold   . . .        (shield currently unavailable)
rNeg    . . .        b - +2 animal skin
rPois   .            (helmet restricted)
rElec   .            (no cloak)
rCorr   .            (no gloves)
SInv    .            (no boots)
Will    .....        (no amulet)
Stlth   ++           j - +4 ring of protection
HPRegen 0.28/turn    c - +6 ring of strength
MPRegen 0.10/turn

%: no passive effects
@: about to teleport
A: horns 2, retaliatory headbutt, agile 1, clever 1, sturdy frame 1
a: no special abilities


You were on level 4 of the Dungeon.
You visited 1 branch of the dungeon, and saw 4 of its levels.

You collected 221 gold pieces.


Innate Abilities, Weirdness & Mutations

You have a pair of horns on your head.
You reflexively headbutt those who attack you in melee.
You are agile. (Dex +4, Str/Int -1)
Your mind is acute. (Int +4, Str/Dex -1)
Your movements are slightly less encumbered by armour. (ER -2)


   Skills:
 + Level 3.5 Fighting
 - Level 6.5 Ranged Weapons
 - Level 1.0 Armour
 - Level 2.1 Dodging
 - Level 1.0 Spellcasting
 - Level 2.0 Hexes


You had 6 spell levels left.
You knew the following spells:

 Your Spells              Type           Power      Damage    Failure   Level
a - Slow                  Hex            20%        N/A       12%         1

Your spell library contained the following spells:

 Spells                   Type           Power      Damage    Failure   Level
 Inner Flame              Hex/Fire       3%         N/A       50%         3
 Portal Projectile        Hex/Tloc       6%         N/A       50%         3
 Cause Fear               Hex            2%         N/A       77%         4

Inventory:

Hand Weapons
 f - a +0 shortbow (weapon)
Armour
 b - a +2 animal skin (worn)
Jewellery
 c - a +6 ring of strength (right hand)
 j - a +4 ring of protection (left hand)
Scrolls
 a - a scroll of teleportation
 d - a scroll of fog {unknown}
Potions
 e - a potion of heal wounds {unknown}
 g - a potion of lignification {unknown}
 h - 4 potions of curing
 k - a potion of mutation

Dungeon Overview and Level Annotations

Branches:
Dungeon (4/15)
 Temple: D:4-7

Altars:
Ashenzari
Hepliaklqana
Nemelex Xobeh
Qazlal
The Shining One

Annotations:
D:4 3 runed translucent doors


Message History

An adder, a giant cockroach and an ogre come into view.
Enter note:
Enter note:
Enter note:
Enter note:
Enter note:
Enter note:
Enter note:
Enter note:
Enter note:
Enter note:
Enter note:
Enter note: You shoot an arrow.
The arrow hits the ogre!
The ogre is moderately wounded.
The adder hisses angrily.
You shoot an arrow. The arrow hits the ogre.
The ogre is moderately wounded.
The ogre misses you. You furiously retaliate!
You headbutt the ogre. You shoot an arrow. The arrow closely misses the ogre.
The arrow hits the adder.
The adder is moderately wounded.
You shoot an arrow. The arrow barely misses the ogre.
The arrow hits the giant cockroach but does no damage.
The ogre hits you with a +0 giant spiked club.
You shoot an arrow. The arrow hits the ogre!
The ogre is severely wounded.
The ogre hits you with a +0 giant spiked club!
You shoot an arrow. The arrow closely misses the ogre.
You shoot an arrow. The arrow hits the ogre.
The ogre is severely wounded.
The ogre hits you with a +0 giant spiked club!!
2937 ||| READING 2 scrolls of teleportation.
As you read the scroll of teleportation, it crumbles to dust.
You feel strangely unstable. The ogre closely misses you.
You shoot an arrow. The arrow hits the ogre!
The ogre is almost dead.
The ogre hits you with a +0 giant spiked club!!
Ouch! That really hurt!
You die...

######### #.@.....#
######
#O#####.###########
.....# ..B
#...........#
.....# .....
#...........#
.##..# .......
##..........#
.##..# ...^...
##..##.....##
.##'## ..77777
#...##.....##
.##..# ..
#...#...<....
'##..#
#...#........


You could see an ogre and a giant cockroach.

Vanquished Creatures
  A centaur (D:4)
  A scorpion (D:4)
  Jessica (D:2)
  Robin (D:2)
  6 adders
  An ufetubus (D:4)
  3 worms
  2 dart slugs
  2 orcs (D:3)
  7 bats
  7 endoplasms
  4 giant cockroaches
  15 goblins
  13 hobgoblins
  6 jackals
  3 quokkas
  3 ball pythons
  3 frilled lizards
  6 kobolds
  4 rats
89 creatures vanquished.

Notes
Turn   | Place    | Note
-------+----------+-------------------------------------------
     0 | D:1      | qw the Minotaur Hexslinger began the quest for the Orb.
     0 | D:1      | Reached XP level 1. HP: 16/16 MP: 1/1
     0 | D:1      | 0 ||| qw: Version: 0.3-a-41-g9d075ac
     0 | D:1      | 0 ||| qw: Game counter: 752
     0 | D:1      | 0 ||| qw: Melee chars always use a shield: true
     0 | D:1      | 0 ||| qw: God list: Okawaru
     0 | D:1      | 0 ||| qw: Allow faded altars: false
     0 | D:1      | 0 ||| qw: Do Orc after clearing Dungeon:15 true
     0 | D:1      | 0 ||| qw: Do second Lair branch before Depths: true
     0 | D:1      | 0 ||| qw: Lair rune preference: random
     0 | D:1      | 0 ||| qw: Goals: Normal
     0 | D:1      | 0 ||| PLANNING D:1-11
   265 | D:1      | Reached skill level 3 in Ranged Weapons
   340 | D:1      | Reached XP level 2. HP: 23/23 MP: 2/2
   350 | D:1      | Found a faded altar of an unknown god.
   747 | D:1      | 747 ||| UPGRADING to +0 ring mail.
   757 | D:1      | 757 ||| DROPPING +0 robe.
   758 | D:1      | 758 ||| UPGRADING to +4 ring of protection.
   759 | D:1      | 759 ||| READING scroll labelled ZUAS RIUZOSCH.
   760 | D:1      | 760 ||| READING scroll labelled WADOS NEOMU.
   761 | D:1      | 761 ||| READING scroll labelled OZI FO GACLAC.
   762 | D:1      | 762 ||| READING scroll labelled VEOFET URAFEXT.
   765 | D:1      | 765 ||| DROPPING scroll of poison.
   798 | D:2      | Found a broken altar of Ashenzari.
   829 | D:2      | Reached XP level 3. HP: 29/29 MP: 3/3
   910 | D:2      | Noticed Robin
   924 | D:2      | HP: 5/29 [Robin/puff of flame (11)]
   930 | D:2      | HP: 4/29 [Robin/+0 dagger of speed (1)]
   930 | D:2      | Killed Robin
   931 | D:2      | Reached skill level 4 in Ranged Weapons
   931 | D:2      | 931 ||| FLEEEEING.
   933 | D:2      | 933 ||| FLEEEEING.
  1219 | D:2      | Reached skill level 1 in Armour
  1257 | D:2      | Reached XP level 4. HP: 29/36 MP: 4/4
  1514 | D:2      | Noticed Jessica
  1521 | D:2      | Killed Jessica
  1897 | D:2      | 1897 ||| UPGRADING to +2 animal skin.
  1907 | D:2      | 1907 ||| DROPPING +0 ring mail.
  1908 | D:2      | 1908 ||| UPGRADING to +6 ring of strength.
  1909 | D:2      | 1909 ||| READING scroll labelled RAQ HUPTIUT.
  1910 | D:2      | 1910 ||| READING scroll labelled FESSOI FAHIMA.
  1911 | D:2      | 1911 ||| DRINKING 2 glowing coppery potions.
  1912 | D:2      | 1912 ||| DRINKING 2 orange potions.
  1912 | D:2      | Gained mutation: Your mind is acute. (Int +4, Str/Dex -1)
                  | [potion of mutation]
  1912 | D:2      | Gained mutation: Your movements are slightly less
                  | encumbered by armour. (ER -2) [potion of mutation]
  1912 | D:2      | Gained mutation: You are agile. (Dex +4, Str/Int -1)
                  | [potion of mutation]
  1962 | D:3      | Reached skill level 5 in Ranged Weapons
  2001 | D:3      | Found a hazy altar of Hepliaklqana.
  2189 | D:3      | Reached XP level 5. HP: 44/44 MP: 5/5
  2205 | D:3      | Reached skill level 3 in Fighting
  2298 | D:3      | Found a glowing golden altar of the Shining One.
  2300 | D:3      | Found a sparkling altar of Nemelex Xobeh.
  2311 | D:3      | Found a stormy altar of Qazlal.
  2311 | D:3      | Found a broken altar of Ashenzari.
  2336 | D:3      | 2336 ||| READING scroll labelled ZUJUSEUXIE.
  2337 | D:3      | 2337 ||| READING scroll labelled QAC CERICVEN.
  2618 | D:4      | Found a runed translucent gate.
  2618 | D:4      | Found a runed translucent gate.
  2618 | D:4      | Found a runed translucent gate.
  2650 | D:4      | Noticed a centaur
  2657 | D:4      | Killed a centaur
  2658 | D:4      | Reached skill level 6 in Ranged Weapons
  2658 | D:4      | Reached XP level 6. HP: 27/51 MP: 6/6
  2747 | D:4      | 2747 ||| SWAPPING to +0 shortbow.
  2748 | D:4      | 2748 ||| DROPPING +1 sling.
  2936 | D:4      | HP: 11/51 [ogre/+0 giant spiked club (25)]
  2937 | D:4      | 2937 ||| READING 2 scrolls of teleportation.
  2938 | D:4      | Demolished by an ogre

Levels and vault maps discovered:
D:1:      zelgadis_glass_arrival_small, layout_basic,
          shapermc_ecumenical_altar_pompeii, minmay_pentomino_o2
D:2:      layout_basic, basic_altar, uniq_robin, uniq_jessica
D:3:      minmay_wonky_spiral, layout_rooms, grunt_temple_overflow_open,
          nicolae_hepliaklqana_hazy_memory, minmay_misc_feat_plants
D:4:      layout_gridville, gammafunk_ghost_icy, kennysheep_potato

Skill      XL: |  1  2  3  4  5 |
---------------+----------------+-----
Ranged Weapons | 3 4 5 6 |  6.5
Fighting       | 2 3 |  3.5
Armour         | 1 |  1.0
Dodging        | |  2.1
Spellcasting   | |  1.0
Hexes          | |  2.0

Action                     |  1- 3 |  4- 6 || total
---------------------------+-------+-------++-------
   Fire: Sling             |   118 |   122 ||   240
         Shortbow          |       |    50 ||    50
    Use: Scroll            |     4 |     5 ||     9
         Potion            |       |     2 ||     2
 Armour: Robe              |     4 |       ||     4
         Ring mail         |    20 |     3 ||    23
         Animal skin       |       |    45 ||    45
  Dodge: Dodged            |    50 |    72 ||   122

Table legend:
 A = Non-vault XP
 B = Vault XP
 C = Vault XP percentage of total XP
 D = Non-vault monster count
 E = Vault monster count
 F = Vault count percentage of total count
                 A         B        C        D         E       F
            +---------+---------+-------+---------+---------+-------
      Total |     402 |      81 |  16.8 |      73 |      16 |  18.0
            +---------+---------+-------+---------+---------+-------
        D:1 |      31 |       2 |   6.1 |      17 |       1 |   5.6
        D:2 |      39 |      68 |  63.6 |      18 |      10 |  35.7
        D:3 |      58 |      11 |  15.9 |      17 |       5 |  22.7
        D:4 |     274 |       0 |   0.0 |      21 |       0 |   0.0
            +---------+---------+-------+---------+---------+-------
